 Dungeon Crawl Stone Soup version bcrawl-1.21.2-20-g6d45ba5942 (webtiles) character file.

Game seed: 13605734195595086360

595 Baz the Magician (level 7, -1/50 HPs)
             Began as a Djinni Venom Mage on Feb 27, 2020.
             Was an Initiate of Kikubaaqudgha.
             Slain by an ice beast (14 damage)
             ... on level 5 of the Dungeon.
             The game lasted 00:10:37 (5380 turns).

Baz the Magician (Djinni Venom Mage)                Turns: 5380, Time: 00:10:38

Health: -1/50      AC:  2    Str: 11    XL:     7   Next: 17%
Magic:  9/15       EV: 12    Int: 19    God:    Kikubaaqudgha [......]
Gold:   288        SH:  0    Dex: 11    Spells: 6/17 levels left

rFire    . . .     SeeInvis .   v - +2 dagger (venom)
rCold    . . .     Gourm    +   (no shield)
rNeg     . . .     Faith    .   a - +0 robe
rPois    .         Spirit   .   (no helmet)
rElec    .         Reflect  .   (no cloak)
rCorr    .         Harm     .   (no gloves)
MR       .....     Rnd*Rage +   (boots unavailable)
Stlth    ++........             s - amulet of the gourmand
HPRegen  0.16/turn              (no ring)
MPRegen  0.14/turn              (no ring)

@: berserk cooldown, flying, very slightly contaminated, slowed, very slow
A: never pass out, berserk 2, blink, blurry vision 2, wild magic 2, MP-powered
wands, floating
a: Blink, Renounce Religion


You were on level 5 of the Dungeon.
You worshipped Kikubaaqudgha.
Kikubaaqudgha was noncommittal.
You were not hungry.

You visited 1 branch of the dungeon, and saw 5 of its levels.

You collected 288 gold pieces.

Inventory:

Hand Weapons
 f - a +0 dagger
 v - a +2 dagger of venom (weapon)
Missiles
 g - 2 throwing nets (quivered) {!f}
 r - 108 poisoned needles
Armour
 a - a +0 robe (worn)
Jewellery
 q - an uncursed ring of see invisible
 s - an amulet of the gourmand (around neck)
 w - an uncursed amulet of guardian spirit {unknown}
Scrolls
 j - 4 scrolls of teleportation
 k - 3 scrolls of blinking
 m - 2 scrolls of remove curse
 n - a scroll of immolation
 o - a scroll of noise {unknown}
 p - 2 scrolls of amnesia {unknown}
Potions
 c - 2 potions of berserk rage
 d - 2 potions of degeneration
 h - a potion of brilliance {unknown}
 i - a potion of cancellation {unknown}
 l - 3 potions of lignification {unknown}
 t - 4 potions of might {unknown}
 u - a potion of ambrosia {unknown}
Comestibles
 e - 11 rations {!d}


   Skills:
 - Level 2.0 Dodging
 - Level 1.5 Stealth
 + Level 5.6 Spellcasting
 - Level 3.5 Conjurations
 + Level 2.6 Summonings
 + Level 2.5 Necromancy
 - Level 2.3 Air Magic
 + Level 4.6 Poison Magic


You had 6 spell levels left.
You knew the following spells:

 Your Spells              Type           Power        Failure   Level  Hunger
a - Sting                 Conj/Pois      ####         7%          1    None
b - Poisonous Vapours     Pois/Air       ####..       11%         2    None
c - Olgreb's Toxic Radia  Pois           #####...     32%         4    ####...
d - Summon Scorpions      Summ/Pois      ####....     43%         4    ####...

Your spell library contained the following spells:

 Spells                   Type           Power        Failure   Level  Hunger
 Ignite Poison            Fire/Tmut/Pois ###.....     34%         3    ##.....
 Venom Bolt               Conj/Pois      ####......   69%         5    #####..


Dungeon Overview and Level Annotations

Branches:
Dungeon (5/12)
 Temple: D:4-7

Altars:
Ashenzari
Cheibriados
Gozag
Kikubaaqudgha
Nemelex Xobeh
Okawaru
Qazlal
Wu Jian
The Shining One


Innate Abilities, Weirdness & Mutations

You never pass out after going berserk.
You often lose your temper in combat.
You can translocate small distances at will.
Scrolls take you longer to read.
Your spells are harder to cast, but more powerful.
You expend magic power (3 MP) to strengthen your wands.
Your body floats in the air.


Message History

A worker ant comes into view.
The ice beast barely misses your scorpion.
Your scorpion disappears in a puff of smoke!
A worker ant comes into view.
Your scorpion stings the ice beast.
Your scorpion stings the ice beast!
Your scorpion stings the ice beast.
The ice beast is poisoned.
Your scorpion poisons the ice beast!
The ice beast hits you. The ice beast freezes you!
Your scorpion stings the ice beast but does no damage.
The ice beast hits you. The ice beast freezes you!
* * * LOW HITPOINT WARNING * * *
Your scorpion stings the ice beast but does no damage.
The worker ant closely misses you.
No path to travel!
Your scorpion stings the worker ant.
The worker ant is poisoned.
Your scorpion poisons the worker ant!
The ice beast hits you.
* * * LOW HITPOINT WARNING * * *
The ice beast freezes you!
You die...
Kikubaaqudgha rasps: "You have failed me!
Welcome... death!"

#Y# ... #.# ...
##.#.# ..
#.<#.#
#'######.#
#......#.# #
#s.###.#.#
#.#.a###.#.#
###.#..Y@#.#)#
#.......a##.#.#
#........'....#
#........##...#
#.............#
###.....###.).#
#.....# #...#
....#### #...#
###. #..!#


You could see an ice beast, 2 worker ants and a friendly scorpion.

Vanquished Creatures
  Eustachio (D:5)
  An ogre (D:4)
  A centaur (D:5)
  A crimson imp (D:4)
  A bullfrog skeleton (D:4)
  Terence (D:2)
  An iguana (D:4)
  2 worker ants (D:4)
  A howler monkey skeleton (D:4)
  5 adders (D:3)
  2 oozes (D:3)
  An adder skeleton (D:4)
  5 worms
  A leopard gecko (D:2)
  5 orcs (D:3)
  A bat (D:3)
  3 giant cockroaches
  4 goblins
  6 hobgoblins
  8 jackals
  5 kobolds
  A quokka (D:2)
  2 ball pythons (D:1)
  2 frilled lizards (D:1)
  A jackal skeleton (D:4)
  A quokka skeleton (D:3)
  6 rats
69 creatures vanquished.

Vanquished Creatures (collateral kills)
  A leopard gecko (D:5)
1 creature vanquished.

Vanquished Creatures (others)
  A plant (D:2)
1 creature vanquished.

Grand Total: 71 creatures vanquished

Notes
Turn   | Place    | Note
-------+----------+-------------------------------------------
     0 | D:1      | Baz the Djinni Venom Mage began the quest for the Orb.
     0 | D:1      | Reached XP level 1. HP: 14/14 MP: 4/4
   293 | D:1      | Reached XP level 2. HP: 20/20 MP: 3/6
   879 | D:2      | Learned a level 2 spell: Poisonous Vapours
   880 | D:2      | Found a shattered altar of Ashenzari.
   880 | D:2      | Found an iron altar of Okawaru.
   897 | D:2      | Found a glowing golden altar of the Shining One.
  1635 | D:2      | Reached XP level 3. HP: 21/26 MP: 1/7
  1828 | D:2      | Found an ancient bone altar of Kikubaaqudgha.
  1829 | D:2      | Found an opulent altar of Gozag.
  1829 | D:2      | Found a stormy altar of Qazlal.
  1829 | D:2      | Found an ornate altar of the Wu Jian Council.
  1841 | D:2      | Noticed Terence
  1886 | D:2      | Killed Terence
  2107 | D:2      | Found a sparkling altar of Nemelex Xobeh.
  2110 | D:2      | Found a snail-covered altar of Cheibriados.
  2125 | D:2      | Became a worshipper of Kikubaaqudgha
  2246 | D:3      | Noticed a water moccasin
  2421 | D:3      | Gained mutation: Your spells are harder to cast, but more
                  | powerful. [Djinni growth]
  2421 | D:3      | Gained mutation: You can translocate small distances at
                  | will. [Djinni growth]
  2421 | D:3      | Reached XP level 4. HP: 27/33 MP: 0/9
  2653 | D:3      | Reached skill level 1 in Air Magic
  2996 | D:3      | Reached skill level 4 in Spellcasting
  3276 | D:3      | Reached XP level 5. HP: 34/38 MP: 11/11
  3485 | D:2      | Learned a level 4 spell: Olgreb's Toxic Radiance
  3490 | D:2      | Learned a level 4 spell: Summon Scorpions
  4215 | D:4      | Noticed an ogre
  4219 | D:4      | Killed an ogre
  4219 | D:4      | Reached skill level 1 in Summonings
  4219 | D:4      | Reached skill level 1 in Necromancy
  4219 | D:4      | Reached XP level 6. HP: 45/45 MP: 5/13
  4848 | D:5      | Entered Level 5 of the Dungeon
  4854 | D:5      | Noticed an ice beast
  5003 | D:4      | Reached skill level 5 in Spellcasting
  5345 | D:5      | Noticed Eustachio
  5363 | D:5      | Killed Eustachio
  5363 | D:5      | Reached XP level 7. HP: 50/50 MP: 6/15
  5380 | D:5      | Slain by an ice beast

Skill      XL: |  1  2  3  4  5  6 |
---------------+-------------------+-----
Conjurations   | 2 3 |  3.5
Poison Magic   | 4 |  4.6
Air Magic      | 1 2 |  2.3
Spellcasting   | 4 5 |  5.6
Summonings     | 1 2 |  2.6
Necromancy     | 1 2 |  2.5
Dodging        | |  2.0
Stealth        | |  1.5

Action                   |  1- 3 |  4- 6 |  7- 9 || total
-------------------------+-------+-------+-------++-------
Melee: Dagger            |     9 |    87 |       ||    96
       Unarmed           |     4 |       |       ||     4
 Cast: Sting             |    65 |    65 |       ||   130
       Poisonous Vapours |     5 |    15 |       ||    20
       Summon Scorpions  |       |     2 |       ||     2
 Abil: Blink             |       |     1 |       ||     1
  Use: Scroll            |     3 |     3 |       ||     6
 Stab: Sleeping          |       |     1 |       ||     1
  Eat: Chunk             |     8 |    10 |       ||    18
Armor: Robe              |     6 |    21 |       ||    27
Dodge: Dodged            |    16 |    72 |     1 ||    89
